 Dungeon Crawl Stone Soup version 0.28-a0-1374-ga75cb3825e (webtiles) character file.

Game seed: 17570730639431639283

1644 browni3141 the Tainter (level 8, -3/51 HPs)
             Began as an Octopode Venom Mage on Dec 31, 2021.
             Was a Follower of Vehumet.
             Slain by a centaur (5 damage)
             ... on level 6 of the Dungeon.
             The game lasted 00:20:53 (7844 turns).

browni3141 the Tainter (Octopode Venom Mage)        Turns: 7844, Time: 00:20:54

Health: -3/51      AC:  1    Str:  7    XL:     8   Next: 99%
Magic:  1/22       EV: 14    Int: 19    God:    Vehumet [*.....]
Gold:   268        SH:  4    Dex: 13    Spells: 1/14 levels left

rFire   . . .      SeeInvis .   n - +0 dagger (holy)
rCold   . . .      Faith    .   r - +0 buckler of Inference {Will++ Stlth+}
rNeg    . . .      Spirit   .   (helmet restricted)
rPois   .          Reflect  .   (no amulet)
rElec   .          Harm     .   i - ring of magical power
rCorr   .          Rampage  .   (no ring)
Will    ++...                   (no ring)
Stlth   +++++.....              (no ring)
HPRegen 0.17/turn               (no ring)
MPRegen 0.18/turn               (no ring)
                                (no ring)
                                (no ring)

@: no status effects
A: almost no armour, amphibious, 8 rings, camouflage 1, gelatinous body 1,
(nimble swimmer 1), tentacles
a: Renounce Religion


You were on level 6 of the Dungeon.
You worshipped Vehumet.
Vehumet was aware of your devotion.
You visited 2 branches of the dungeon, and saw 7 of its levels.
You also visited: Sewer.

You collected 268 gold pieces.

Inventory:

Hand Weapons
 n - a +0 dagger of holy wrath (weapon)
Missiles
 d - 2 throwing nets
Armour
 r - the +0 buckler of Inference (worn) {Will++ Stlth+}
   (You acquired it on level 5 of the Dungeon)

   Will:      It greatly increases your willpower.
   Stlth:     It makes you more stealthy.
Jewellery
 i - a ring of magical power (left tentacle)
Scrolls
 a - 5 scrolls of teleportation
 b - a scroll of torment
 c - 2 scrolls of immolation
 e - a scroll of blinking
 g - 5 scrolls of vulnerability
 s - a scroll of summoning {unknown}
Potions
 h - a potion of mutation
 j - a potion of heal wounds {unknown}
 k - 2 potions of brilliance {unknown}
 l - a potion of magic {unknown}
 o - a potion of ambrosia {unknown}
 p - a potion of cancellation {unknown}
 q - 2 potions of flight {unknown}


   Skills:
 - Level 2.7 Fighting
 - Level 3.7 Dodging
 - Level 5.0 Stealth
 * Level 2.8 Shields
 - Level 3.5 Spellcasting
 - Level 2.0 Conjurations
 + Level 2.4 Transmutations
 - Level 2.0 Fire Magic
 - Level 2.0 Air Magic
 * Level 9.2 Poison Magic


You had one spell level left.
You knew the following spells:

 Your Spells              Type           Power      Damage    Failure   Level
a - Sting                 Tmut/Pois      100%       1d8       1%          1
b - Poisonous Vapours     Pois/Air       48%        N/A       2%          2
c - Mephitic Cloud        Conj/Pois/Air  20%        N/A       9%          3
d - Olgreb's Toxic Radia  Pois           38%        N/A       3%          4
e - Ignite Poison         Fire/Tmut/Pois 20%        N/A       8%          3

Your spell library contained the following spells:

 Spells                   Type           Power      Damage    Failure   Level
 Magic Dart               Conj           40%        1d5       8%          1
 Beastly Appendage        Tmut           24%        N/A       6%          1
 Slow                     Hex            12%        N/A       17%         1
 Spider Form              Tmut/Pois      25%        N/A       4%          3
 Conjure Flame            Conj/Fire      10%        6-21      22%         3
 Confusing Touch          Hex            3%         N/A       45%         3
 Vampiric Draining        Necr           3%         2d6       45%         3
 Sticky Flame             Conj/Fire      10%        2d3       58%         4
 Ice Form                 Ice/Tmut       7%         N/A       69%         4
 Eringya's Noxious Bog    Tmut/Pois      12%        N/A       93%         6
 Freezing Cloud           Conj/Ice/Air   4%         6-21      95%         5
 Yara's Violent Unravell  Hex/Tmut       3%         3d4       95%         5


Dungeon Overview and Level Annotations

Branches:
Dungeon (6/15)             Temple (1/1) D:4           Sewer (visited)

Altars:
Cheibriados
Elyvilon
Fedhas
Gozag
Hepliaklqana
Kikubaaqudgha
Okawaru
Qazlal
Ru
Sif Muna
Uskayaw
Vehumet
Wu Jian
Xom
Yredelemnul
The Shining One

Shops:
D:3 *

Annotations:
D:6 exclusion: wight


Innate Abilities, Weirdness & Mutations

You cannot wear most types of armour.
You are amphibious.
You can wear up to eight rings at the same time.
Your skin changes colour to match your surroundings (Stealth+).
Your rubbery body absorbs attacks. (AC +1, EV +1)
((You are camouflaged when in or above water. (Stealth+)))
You have tentacles for arms and can constrict up to eight enemies at once.


Message History

The centaur is lightly wounded.
The stinking cloud engulfs you but does no damage.
You are engulfed in noxious fumes.
You choke on the stench!
You are confused.
* * * LOW HITPOINT WARNING * * *
The centaur is engulfed in noxious fumes.
The centaur appears confused.
The centaur is engulfed in noxious fumes.
The centaur appears confused.
The centaur closely misses you. The centaur barely misses you.
Unknown command.
Unknown command.
You're too confused to move!
You are engulfed in noxious fumes.
You choke on the stench!
You are more confused.
* * * LOW HITPOINT WARNING * * *
The centaur is engulfed in noxious fumes.
The centaur barely misses you. The centaur kicks you.
* * * LOW HITPOINT WARNING * * *
You hit the centaur but do no damage.
The centaur is moderately wounded.
You are engulfed in noxious fumes.
You choke on the stench!
You are more confused.
* * * LOW HITPOINT WARNING * * *
Unknown command.
You bump into the rock wall.
The centaur closely misses you. The centaur barely misses you.
Unknown command.
You hit the centaur.
The centaur is moderately wounded.
The centaur closely misses you. The centaur barely misses you.
Unknown command.
You hit the centaur.
The centaur is heavily wounded.
The centaur misses you. The centaur closely misses you.
Unknown command.
You bump into the rock wall.
You feel less confused. The centaur hits you.
You die...

#### #...#
#.#..###########.
#.>.............$
#.............
#...S.......
#c##........
#@###..))... #.#
###...# #.# ###
c[. #.###.## ..
#$.#...####
#.........#
#..#......###
#..##.......# o
#..##......#### .


You could see a centaur (confused).

Vanquished Creatures
  2 orc warriors
  A sky beast (D:5)
  2 ogres
  A kobold brigand (Sewer)
  2 scorpions
  A gnoll sergeant (D:4)
  A howler monkey (D:4)
  A centaur zombie (D:3)
  A jelly (D:5)
  A bullfrog zombie (D:5)
  A hound (D:5)
  3 orc priests
  A centaur skeleton (D:4)
  3 iguanas
  13 orc wizards
  A hound skeleton (D:4)
  11 adders
  6 gnolls (D:4)
  3 worms
  2 dart slugs
  11 orcs
  5 bats
  4 endoplasms
  4 giant cockroaches
  11 goblins
  5 hobgoblins
  2 jackals (D:2)
  5 quokkas
  4 ball pythons
  A frilled lizard (D:1)
  A jackal skeleton (D:4)
  7 kobolds
  7 rats
124 creatures vanquished.

Notes
Turn   | Place    | Note
-------+----------+-------------------------------------------
     0 | D:1      | browni3141 the Octopode Venom Mage began the quest for the
                  | Orb.
     0 | D:1      | Reached XP level 1. HP: 11/11 MP: 3/3
   180 | D:1      | Reached skill level 4 in Poison Magic
   288 | D:1      | Reached XP level 2. HP: 17/17 MP: 3/5
   364 | D:1      | Learned a level 2 spell: Poisonous Vapours
   669 | D:1      | Found a faded altar of an unknown god.
  1032 | D:1      | Reached XP level 3. HP: 19/21 MP: 2/6
  1090 | D:2      | Learned a level 3 spell: Mephitic Cloud
  1505 | D:2      | Reached XP level 4. HP: 27/27 MP: 2/7
  1586 | D:2      | Reached skill level 5 in Poison Magic
  1639 | D:2      | Found a hide-covered altar of Uskayaw.
  2243 | D:3      | Reached skill level 1 in Conjurations
  2243 | D:3      | Reached skill level 1 in Air Magic
  2435 | D:3      | Found Luat's Assorted Antiques.
  2457 | D:3      | Found a glowing drain.
  2466 | Sewer    | Entered a sewer
  2489 | Sewer    | Noticed a kobold brigand
  2502 | Sewer    | Killed a kobold brigand
  2503 | Sewer    | Reached XP level 5. HP: 30/31 MP: 2/9
  2506 | Sewer    | Noticed a kobold brigand
  2838 | D:3      | Learned a level 4 spell: Olgreb's Toxic Radiance
  2853 | D:3      | Reached skill level 6 in Poison Magic
  2853 | D:3      | Reached XP level 6. HP: 36/36 MP: 10/10
  4235 | D:4      | Reached skill level 1 in Fighting
  4328 | D:4      | Reached skill level 7 in Poison Magic
  4328 | D:4      | Reached XP level 7. HP: 29/43 MP: 11/11
  5139 | D:4      | Found a staircase to the Ecumenical Temple.
  5164 | D:4      | Found an opulent altar of Gozag.
  5175 | Temple   | Entered the Ecumenical Temple
  5256 | Temple   | Became a worshipper of Vehumet
  5795 | D:5      | Entered Level 5 of the Dungeon
  6003 | D:5      | Reached XP level 8. HP: 50/50 MP: 10/13
  6152 | D:5      | Reached skill level 8 in Poison Magic
  6558 | D:5      | Learned a level 3 spell: Ignite Poison
  7099 | D:5      | Identified 2 scrolls of acquirement
  7107 | D:5      | Reached skill level 5 in Stealth
  7455 | D:5      | Acquired the +0 buckler of Inference {Will++ Stlth+}
  7462 | D:5      | Acquired the Collected Works on Transmigration
  7524 | D:6      | Reached skill level 1 in Fire Magic
  7531 | D:6      | Reached skill level 1 in Shields
  7590 | D:6      | Reached * piety under Vehumet
  7590 | D:6      | Offered knowledge of Magic Dart by Vehumet.
  7600 | D:6      | Reached skill level 9 in Poison Magic
  7835 | D:6      | HP: 2/51 [centaur (2)]
  7840 | D:6      | HP: 1/51 [cloud of noxious fumes (1)]
  7844 | D:6      | Slain by a centaur

Illustrated notes

Levels and vault maps discovered:
D:1:      dpeg_chamrin_arrival_tetris, layout_loops_ring,
          nicolae_ecumenical_lake_church, minmay_crystal_water
D:2:      layout_rooms, basic_altar
D:3:      layout_loops_corners, serial_shops, shop, cheibrodos_sewer_entry_bend
D:4:      layout_basic, nicolae_gozag_seed_capital,
          minmay_temple_entry_offerings, kennysheep_generic_room_4
D:5:      layout_basic
D:6:      minmay_flawed_box, layout_basic, general_overflow_altar, uniq_grinder
Temple:   minmay_freezing_vapour_temple

Skill      XL: |  1  2  3  4  5  6  7  8 |
---------------+-------------------------+-----
Poison Magic   | 4 5 6 7 9 |  9.2
Conjurations   | 1 2 |  2.0
Air Magic      | 1 2 |  2.0
Spellcasting   | 3 |  3.5
Stealth        | 3 4 5 |  5.0
Fighting       | 1 2 |  2.7
Dodging        | 3 |  3.7
Fire Magic     | 2 |  2.0
Shields        | 2 |  2.8
Transmutations | 2 |  2.4

Action                   |  1- 3 |  4- 6 |  7- 9 || total
-------------------------+-------+-------+-------++-------
Melee: Unarmed           |     7 |    29 |       ||    36
       Tentacles         |     1 |     5 |    13 ||    19
       Constrict         |     2 |     3 |     9 ||    14
       Dagger            |       |       |    66 ||    66
 Cast: Sting             |    51 |    62 |    49 ||   162
       Poisonous Vapours |     8 |    11 |    21 ||    40
       Mephitic Cloud    |       |     5 |     5 ||    10
       Olgreb's Toxic Ra |       |     6 |    18 ||    24
  Use: Scroll            |       |     6 |     5 ||    11
       Potion            |       |       |     3 ||     3
 Stab: Sleeping          |       |       |     2 ||     2
Armor: Skin              |     2 |     2 |     3 ||     7
Dodge: Dodged            |    23 |    41 |    63 ||   127
Block: Buckler           |       |       |     3 ||     3

Table legend: (Time is in decaauts)
 A = Elapsed time spent in this place.
 B = Non-inter-level travel time spent in this place.
 C = Inter-level travel time spent in this place.
 D = Time resting spent in this place.
 E = Time spent auto-exploring this place.
 F = Levels seen in this place.
 G = Mean time per level.
                   A        B        C        D        E       F      G
               +--------+--------+--------+--------+--------+-----+--------+
         Total |   7853 |   7503 |    350 |   1049 |   4942 |   8 |  981.6 |
       Dungeon |   7701 |   7355 |    346 |   1041 |   4847 |   6 | 1283.5 |
        Temple |     86 |     82 |      4 |      0 |     73 |   1 |   86.0 |
         Sewer |     65 |     65 |      0 |      8 |     22 |   1 |   65.0 |
               +--------+--------+--------+--------+--------+-----+--------+

Top non-repeatable levels by time:
     D:3: 2022 daAuts
     D:5: 1707 daAuts
     D:4: 1477 daAuts
     D:1: 1105 daAuts
     D:2: 1047 daAuts
     D:6: 340 daAuts
  Temple: 86 daAuts
   Sewer: 65 daAuts
